 Dungeon Crawl Stone Soup version 0.22-a0-86-g94e0ad4 (webtiles) character file.

53 KristoblXynda the Ruffian (level 3, -1/28 HPs)
             Began as a Draconian Transmuter on Jan 21, 2018.
             Killed by divine providence
             ... invoked by an orc priest
              (10 damage)
             ... on level 2 of the Dungeon.
             The game lasted 00:01:42 (1553 turns).

KristoblXynda the Ruffian (Draconian Transmuter)    Turns: 1553, Time: 00:01:43

Health: -1/28      AC:  6    Str: 12    XL:     3   Next: 64%
Magic:  6/6        EV: 12    Int: 14    God:
Gold:   71         SH:  0    Dex: 11    Spells: 5/6 levels left

rFire    . . .     SeeInvis .     - Unarmed
rCold    . . .     Gourm    .   (no shield)
rNeg     . . .     Faith    .   (armour unavailable)
rPois    .         Spirit   .   (helmet restricted)
rElec    .         Reflect  .   (no cloak)
rCorr    .         Harm     .   (no gloves)
MR       .....                  g - +0 pair of boots
Stlth    +.........             (no amulet)
HPRegen  0.09/turn              (no ring)
MPRegen  0.10/turn              (no ring)

@: no status effects
A: unfitting armour, cold-blooded, AC +5
a: no special abilities


You were on level 2 of the Dungeon.
You were not hungry.

You visited 1 branch of the dungeon, and saw 2 of its levels.

You collected 71 gold pieces.

Inventory:

Missiles
 a - 12 arrows
Armour
 g - a +0 pair of boots (worn)
Scrolls
 e - a scroll of teleportation {unknown}
 f - a scroll of fear {unknown}
 i - a scroll of identify {unknown}
Potions
 d - 2 potions of agility {unknown}
 h - a potion of curing {unknown}
Books
 b - a book of Changes

   Spells                             Type                      Level
   a - Beastly Appendage              Transmutation                1
   b - Sticks to Snakes               Transmutation                2
   c - Spider Form                    Transmutation/Poison         3
   d - Ice Form                       Ice/Transmutation            4
   e - Blade Hands                    Transmutation                5
Comestibles
 c - 3 rations


   Skills:
 - Level 1.1 Fighting
 + Level 2.3 Dodging
 * Level 3.9 Unarmed Combat
 - Level 2.0 Spellcasting
 + Level 2.6 Transmutations


You had 5 spell levels left.
You knew the following spells:

 Your Spells              Type           Power        Failure   Level  Hunger
a - Beastly Appendage     Tmut           #.....       8%          1    ##.....


Dungeon Overview and Level Annotations

Branches:
Dungeon (2/15)

Altars:


Innate Abilities, Weirdness & Mutations

Your plain brown scales are hard. (AC +5)
You cannot fit into any form of body armour.
You are cold-blooded and may be slowed by cold attacks.


Message History

The orc priest is lightly wounded.
The bat hits you but does no damage.
The orc priest hits you but does no damage.
You hit the orc priest. You tail-slap the orc priest.
The orc priest is moderately wounded.
The bat closely misses you.
The orc priest invokes the aid of Beogh against you.
Pain shoots through your body!
You barely miss the orc priest. Your headbutt misses the orc priest.
Your punch misses the orc priest.
The orc priest is moderately wounded.
Your horns disappear.
The bat misses you. The bat barely misses you.
The orc priest closely misses you.
You barely miss the orc priest.
The orc priest is moderately wounded.
The bat hits you.
The orc priest mumbles some strange prayers to Beogh against you.
Beogh smites you!
You die...

##+## #.# #.#
#.# ### #.# ..#
#.# . #.# #.#
...## #.# #.#
......#.#####.#
#.ro@.))...#
##.#b#######
.....# ###.###
... ... .###


You could see an orc priest, a bat and a rat.

Vanquished Creatures
  An adder (D:2)
  An ooze (D:1)
  3 orcs (D:2)
  5 bats (D:1)
  6 goblins (D:1)
  5 hobgoblins
  6 kobolds
  A quokka (D:2)
  3 frilled lizards (D:1)
  3 rats (D:1)
34 creatures vanquished.

Notes
Turn   | Place    | Note
-------+----------+-------------------------------------------
     0 | D:1      | KristoblXynda the Draconian Transmuter began the quest for the Orb.
     0 | D:1      | Reached XP level 1. HP: 16/16 MP: 3/3
   351 | D:1      | Reached XP level 2. HP: 23/23 MP: 5/5
   725 | D:1      | Reached XP level 3. HP: 22/28 MP: 6/6
  1553 | D:2      | Killed from afar by an orc priest

Vault maps used:
D:1:      ncdulo_halloftheorcs, minmay_tiny_reverse_x
D:2:      cheibriados_altar_1, first_ration

Skill      XL: |  1 |
---------------+----+-----
Dodging        | 2 |  2.3
Fighting       | |  1.1
Unarmed Combat | |  3.9
Spellcasting   | |  2.0
Transmutations | |  2.6

Action                   || total
-------------------------++-------
Melee: Unarmed           ||   135
       Tailslap          ||    15
       Punch             ||     1
       Headbutt          ||     3
 Cast: Beastly Appendage ||     4
 Stab: Sleeping          ||     1
  Eat: Chunk             ||     2
Armor: Skin              ||    36
Dodge: Dodged            ||   108

Table legend:
 A = Spawn XP
 B = Non-spawn XP
 C = Spawn XP percentage of total XP
 D = Spawn monster count
 E = Non-spawn monster count
 F = Spawn count percentage of total count
 G = Total turns spent on level
                    A         B        C        D         E        F      G
               +---------+---------+-------+---------+---------+-------+---------
         Total |       0 |      77 |   0.0 |       0 |      34 |   0.0 |  1553
               +---------+---------+-------+---------+---------+-------+---------
           D:1 |       0 |      47 |   0.0 |       0 |      26 |   0.0 |  1124
           D:2 |       0 |      30 |   0.0 |       0 |       8 |   0.0 |   429
               +---------+---------+-------+---------+---------+-------+---------
